Cogmind - Beta 14 @@@ ROGUE MODE // 2025.03.22 @ 10:18:16 // Winter2019/RPGLIKE Player: Lava Result: Destroyed by S-10 Pest with Light Assault Rifle Performance ------------- Evolutions (1) 500 Regions Visited (3) 600 Robots Destroyed (59) 295 Value Destroyed (1368) 1368 Prototype IDs (1) 20 Alien Tech Used (0) 0 Bonus (0) 0 TOTAL SCORE: 2783 Bonus ------- None Cogmind --------- Core Integrity 0/600 Matter 224/300 Energy 160/160 System Corruption 0% Temperature Cool (6) Movement Treading (160) Location -9/Materials Parts ------- > --- POWER (1) -------- Light Nuclear Core > --- PROPULSION (3) --- Light Treads Light Treads Improved Treads > --- UTILITY (3) ------ Signal Interpreter Hacking Suite Hacking Suite > --- WEAPON (2) ------- Improved Assault Rifle Improved Assault Rifle > --- INVENTORY (3) ---- VTOL Module Improved Assault Rifle Mini Grenade Launcher Peak State ------------ > --- POWER ------------ Light Nuclear Core > --- PROPULSION ------- Light Treads Light Treads Improved Treads > --- UTILITY ---------- Signal Interpreter Hacking Suite Hacking Suite > --- WEAPON ----------- Improved Assault Rifle Improved Assault Rifle > --- INVENTORY -------- VTOL Module Improved Assault Rifle Mini Grenade Launcher [Rating: 20] Favorites ----------- Power Light Ion Engine Engine Light Ion Engine Power Core Light Nuclear Core Propulsion Light Treads Treads Light Treads Utility Hacking Suite Device Sensor Array Processor Signal Interpreter Hackware Hacking Suite Weapon Assault Rifle Ballistic Gun Assault Rifle Ballistic Cannon Light Cannon Build | -11 -10 -10 -9 ------- Run | Yrd Mat Min Mat Slots Evolved 5 | 4 . . 1 Power . | . . . . Propulsion 2 | 1 . . 1 Utility 2 | 2 . . . Weapon 1 | 1 . . . Parts Attached 25 | 5 10 . 10 Power 3 | 1 . . 2 Engine 2 | 1 . . 1 Core 1 | . . . 1 Reactor . | . . . . Propulsion 9 | 2 2 . 5 Treads 9 | 2 2 . 5 Leg . | . . . . Wheel . | . . . . Hover . | . . . . Flight . | . . . . Utility 5 | . 5 . . Device 2 | . 2 . . Storage . | . . . . Processor 1 | . 1 . . Hackware 2 | . 2 . . Protection . | . . . . Artifact . | . . . . Weapon 8 | 2 3 . 3 Energy Gun . | . . . . Energy Cannon . | . . . . Ballistic Gun 7 | 2 2 . 3 Ballistic Cannon 1 | . 1 . . Launcher . | . . . . Special Weapon . | . . . . Impact Weapon . | . . . . Slashing Weapon . | . . . . Piercing Weapon . | . . . . Special Melee Weapon . | . . . . Unidentified Prototypes 1 | . . . 1 Parts Lost . | . . . . Power . | . . . . Propulsion . | . . . . Utility . | . . . . Weapon . | . . . . Highest Loss Streak . | . . . . To Critical Strikes . | . . . . Average Slot Usage (%) 96 | . 92 100 99 Engine 9 | . 12 12 5 Core 2 | . . . 6 Treads 26 | . 24 25 29 Device 2 | . 5 . . Processor 10 | . 9 12 11 Hackware 19 | . 14 25 23 Ballistic Gun 18 | . 18 12 19 Ballistic Cannon 5 | . 5 12 2 Peak Build Rating 20 | 5 12 12 20 Average Rating 12 | 4 9 12 17 On Entrance 7 | . 5 12 12 Naked Turns . | . . . . Heaviest Build 11 | 6 8 8 11 Greatest Support 63 | 40 40 40 63 Greatest Overweight (x) 2 | . 2 . . Average Overweight (x) . | . . . . Largest Inventory Capacity 3 | . . 3 3 Average Capacity 1 | . . . 3 Most Carried 3 | . . 1 3 Average Carried 1 | . . . 2 Final Capacity 3 | . . 3 3 Final Carried 3 | . . 1 3 Class Distribution -------------------- 71% | Hacker-Mutant 20% | Mutant 7% | Scavenger-Mutant Dominant Class ---------------- Hacker-Mutant | -10/Materials Hacker-Mutant | -10/Mines Hacker-Mutant | -9/Materials Resources | -11 -10 -10 -9 ----------- Run | Yrd Mat Min Mat Matter Collected 1255 | 250 368 75 562 Remotely . | . . . . Salvage Created 1287 | . 398 68 821 Parts 127 | . 47 16 64 Haulers Intercepted 2 | . 1 . 1 Recyclers Shooed . | . . . . Parts Field Recycled . | . . . . Retrieved Matter . | . . . . Parts Self-Destructed . | . . . . Prevented . | . . . . Kills | -11 -10 -10 -9 ------- Run | Yrd Mat Min Mat Combat Hostiles Destroyed 43 | . 11 11 21 Guns 36 | . 9 8 19 Cannons 7 | . 2 3 2 Classes Destroyed 9 | . 7 . 2 Builder 1 | . 1 . . Hauler 2 | . 1 . 1 Recycler 2 | . 1 . 1 Operator 5 | . 3 . 2 Watcher 6 | . 3 . 3 Swarmer 18 | . 3 9 6 Grunt 18 | . 8 2 8 Duelist 1 | . . . 1 Sentry 6 | . . . 6 Best Kill Streak 6 | . 6 5 5 Combat Bots Only 5 | . 3 5 4 Max Kills in Single Turn 2 | . 1 1 2 Gunslinging . | . . . . Exploded . | . . . . Melee . | . . . . Uniques/NPCs Destroyed . | . . . . Combat | -11 -10 -10 -9 -------- Run | Yrd Mat Min Mat Hostile Shots Fired 284 | . 63 42 179 Missed 77 | . 17 9 51 Damage Taken 2379 | . 543 326 1510 Core 1874 | . 424 261 1189 Absorbed by Shields . | . . . . Redirected to Core 1654 | . 371 216 1067 Core Remaining (%) 100 | 100 . 100 . Volleys Fired 157 | . 65 19 73 Largest 2 | . 2 2 2 Hottest 58 | . 55 55 58 Shots Fired 314 | . 130 38 146 Gun 254 | . 113 19 122 Cannon 60 | . 17 19 24 Launcher . | . . . . Special . | . . . . Kinetic 314 | . 130 38 146 Thermal . | . . . . Explosive . | . . . . Electromagnetic . | . . . . Robot Hit Streak 23 | . 9 12 23 Robot Miss Streak 6 | . 6 1 1 Penetration Max . | . . . . Secondary Targets 1 | . . . 1 Max Gunslinging Chain 1 | . . . 1 Shots Hit Robots 220 | . 78 25 117 Core Hits 84 | . 34 12 38 Critical Kills 3 | . 1 2 . Critical Parts Destroyed . | . . . . Critical Strikes 4 | . 1 2 1 Destroy 3 | . 1 2 . Blast 1 | . . . 1 Melee Attacks . | . . . . Impact . | . . . . Slashing . | . . . . Piercing . | . . . . Sneak Attacks . | . . . . Combat Hostiles . | . . . . Follow-up Attacks . | . . . . Damage Inflicted 3185 | . 950 385 1850 Guns 2488 | . 744 202 1542 Cannons 656 | . 193 183 280 Explosions . | . . . . Melee . | . . . . Ramming 41 | . 13 . 28 Kinetic 3144 | . 937 385 1822 Thermal . | . . . . Explosive . | . . . . Electromagnetic . | . . . . Impact . | . . . . Slashing . | . . . . Piercing . | . . . . Highest Corruption . | . . . . Average Corruption . | . . . . Corruption Purged . | . . . . Corruption Blocked . | . . . . Overload Shots . | . . . . Overflow Damage 20 | . . . 20 Projectiles 20 | . . . 20 Explosions . | . . . . Melee . | . . . . Knockbacks 4 | . 3 1 . Impact . | . . . . Kinetic 4 | . 3 1 . Secondary . | . . . . Self-Inflicted Damage . | . . . . Shots . | . . . . Rammed 10 | . 4 . 6 Targets Rammed 13 | . 6 . 7 Kicked . | . . . . Crushed 3 | . 2 . 1 Highest Temperature 49 | . 15 49 8 Average Temperature 11 | . 6 30 4 Received Heat Transfer 822 | . 243 75 504 Siege Activations . | . . . . Robots Corrupted . | . . . . Combat Hostiles . | . . . . Parts Fried . | . . . . Impact Corruptions . | . . . . Robots Melted . | . . . . Combat Hostiles . | . . . . Parts Melted . | . . . . Heat Transferred . | . . . . Parts Sabotaged . | . . . . Parts Stolen . | . . . . Parts Stripped . | . . . . Power Chain Reactions . | . . . . Alert | -11 -10 -10 -9 ------- Run | Yrd Mat Min Mat Peak Influence 301 | . 204 221 301 Initial 42 | . . 30 42 Average 92 | . 49 140 124 Maximum Alert Level 1 | . 1 1 1 Low Security (%) 92 | 100 98 99 83 Level 1 7 | . 1 . 16 Level 2 . | . . . . Level 3 . | . . . . Level 4 . | . . . . Level 5 . | . . . . High Security . | . . . . Max Security . | . . . . Squads Dispatched 5 | . 3 . 2 Investigation . | . . . . Extermination . | . . . . Reinforcement 5 | . 3 . 2 Assault . | . . . . Garrison . | . . . . Intercept . | . . . . Searches Triggered . | . . . . Construction Impeded . | . . . . Haulers Reinforced . | . . . . Active Scanning Responses . | . . . . Cargo Convoy Interrupts . | . . . . Stealth | -11 -10 -10 -9 --------- Run | Yrd Mat Min Mat Distress Signals 6 | . 3 . 3 Communications Jammed . | . . . . Distress Signals . | . . . . Times Spotted 71 | . 25 10 36 Peak Tracking Total 9 | . 5 3 9 Tactical Retreats 4 | . 2 . 2 Traps | -11 -10 -10 -9 ------- Run | Yrd Mat Min Mat Traps Triggered 2 | . 2 . . Indirectly . | . . . . Trap Hack Attempts . | . . . . Triggered . | . . . . Disarmed . | . . . . Reprogrammed 3 | . 3 . . Reused . | . . . . Traps Extracted . | . . . . Installed . | . . . . Triggered . | . . . . Machines | -11 -10 -10 -9 ---------- Run | Yrd Mat Min Mat Machines Disabled 2 | . 1 . 1 Max in Single Turn 1 | . 1 . 1 Machines Repaired . | . . . . Machines Dismantled . | . . . . Machines Sabotaged . | . . . . Overloaded Fab Kills . | . . . . Hacking | -11 -10 -10 -9 --------- Run | Yrd Mat Min Mat Machines Accessed 13 | . 5 1 7 Terminals 12 | . 5 1 6 Fabricators . | . . . . Repair Stations . | . . . . Recycling Units . | . . . . Scanalyzers 1 | . . . 1 Garrison Access . | . . . . Total Hacks 30 | . 10 2 18 Successful 18 | . 6 2 10 Failed 12 | . 4 . 8 Catastrophic 2 | . 1 . 1 Database Lockouts . | . . . . Manual 8 | . 5 2 1 Terminals 25 | . 10 2 13 Fabricators . | . . . . Repair Stations . | . . . . Recycling Units . | . . . . Scanalyzers 5 | . . . 5 Garrison Access . | . . . . Terminal Hacks 13 | . 6 2 5 Level Access Points 1 | . . 1 . Branch Access Points 1 | . . 1 . Terminal Index 2 | . 2 . . Scanalyzer Index 1 | . . . 1 Reprogram Traps 1 | . 1 . . Dispatch Records 2 | . 1 . 1 Patrol Status 1 | . . . 1 Hauler Manifests 2 | . 1 . 1 Registered Components 1 | . 1 . . Zone Layout 1 | . . . 1 Fabricator Hacks . | . . . . Repair Station Hacks . | . . . . Recycling Unit Hacks . | . . . . Scanalyzer 5 | . . . 5 Insert Component 2 | . . . 2 Analyze 3 | . . . 3 Garrison Access Hacks . | . . . . Unauthorized Hacks . | . . . . Terminals . | . . . . Fabricators . | . . . . Repair Stations . | . . . . Recycling Units . | . . . . Scanalyzers . | . . . . Garrison Access . | . . . . Data Cores Recovered 1 | . . . 1 Used . | . . . . Hacking Detections 10 | . 2 1 7 Full Trace Events . | . . . . Feedback Events . | . . . . Feedback Blocked . | . . . . Robot Schematics Acquired . | . . . . Robots Built . | . . . . Authchips . | . . . . Time . | . . . . Total Robot Build Rating . | . . . . Part Schematics Acquired 2 | . . . 2 Parts Built . | . . . . Authchips . | . . . . Time . | . . . . Total Part Build Rating . | . . . . Parts Repaired . | . . . . Time . | . . . . Parts Recycled . | . . . . Recycled Matter . | . . . . Retrieved Matter . | . . . . Retrieved Components . | . . . . Parts Scanalyzed 2 | . . . 2 Part Schematics Acquired 2 | . . . 2 Parts Damaged . | . . . . Bothacking | -11 -10 -10 -9 ------------ Run | Yrd Mat Min Mat Used RIF Installer . | . . . . Robots Hacked . | . . . . Non-combat . | . . . . Combat . | . . . . Robot Hacks Applied . | . . . . Relay Couplers Released . | . . . . Fabnet Peak Effective % . | . . . . Robots Rewired . | . . . . Allies Hacked . | . . . . Hacks Repelled . | . . . . Allies | -11 -10 -10 -9 -------- Run | Yrd Mat Min Mat Total Allies . | . . . . Largest Group . | . . . . Highest-Rated Group . | . . . . Highest-Rated Ally . | . . . . Total Orders . | . . . . Ally Attacks . | . . . . Total Damage . | . . . . Kills . | . . . . Allies Corrupted . | . . . . Allies Melted . | . . . . Intel | -11 -10 -10 -9 ------- Run | Yrd Mat Min Mat Robot Analysis Total . | . . . . Derelict Logs Recovered 1 | . . 1 . Drone Launches . | . . . . Drone Recoveries . | . . . . Exploration | -11 -10 -10 -9 ------------- Run | Yrd Mat Min Mat Turns Passed 4171 | 59 1821 666 1625 Spaces Moved 2171 | 35 964 370 802 Core 4 | 3 1 . . Treads 2167 | 32 963 370 802 Legs . | . . . . Wheels . | . . . . Hover . | . . . . Flight . | . . . . Fastest Speed 50 | 50 150 160 160 Average Speed 159 | 150 159 160 160 Slowest Speed 160 | 160 160 160 160 Overloaded Moves . | . . . . Propulsion Burnouts . | . . . . Robots Hopped . | . . . . Cave-ins Triggered . | . . . . Exploration Rate (%) 58 | 3 98 60 72 Regions Visited 3 Branch Regions 1 Pre-discovered Areas . | . . . . Known Exits Taken 2 | . 1 1 . Unknown Exits Taken 1 | 1 . . . Scrap Searched 1 | . . 1 . Spaces Dug . | . . . . Terrain Destroyed . | . . . . Melee . | . . . . Projectile . | . . . . AOE . | . . . . Terrain Rammed . | . . . . Walls Destroyed . | . . . . Machines Disabled . | . . . . Actions | -11 -10 -10 -9 --------- Run | Yrd Mat Min Mat Total 2557 | 39 1116 406 996 Wait 99 | . 40 3 56 Move 2168 | 34 963 369 802 Hop . | . . . . Pick Up 10 | . . 1 9 Fast Attach 15 | 5 8 . 2 Attach . | . . . . Detach . | . . . . Swap 10 | . 2 . 8 Drop 13 | . 3 . 10 Fire 157 | . 65 19 73 Melee . | . . . . Ram . | . . . . Kick . | . . . . Crush 13 | . 6 . 7 Escape Stasis . | . . . . Rewire . | . . . . Trap . | . . . . Miscellaneous 72 | . 29 14 29 Route ------- -11/Scrapyard -10/Materials (discovered 4 exits: *Mat x3 / *Min) -10/Mines (discovered 2 exits: *Mat x2) -9/Materials (discovered 4 exits: *Mat x2 / *Min x2) History --------- Turn | Location | Event 1 | -11/Scrapyard | Upgraded with Propulsion slot (x1) 1 | -11/Scrapyard | Upgraded with Utility slot (x2) 1 | -11/Scrapyard | Upgraded with Weapon slot (x1) 33 | -11/Scrapyard | Discovered new exit (range 12) 60 | -11/Scrapyard | Entered Materials 309 | -10/Materials | Build established: Mutant 597 | -10/Materials | Discovered new exit (range 11) 807 | -10/Materials | Discovered new exit (range 10) 970 | -10/Materials | Identified exit to Materials 1183 | -10/Materials | Build established: Hacker-Mutant 1216 | -10/Materials | Discovered exit to Materials (range 8) 1417 | -10/Materials | Discovered exit to Materials (range 10) 1692 | -10/Materials | Reached level 2 1880 | -10/Materials | Identified exit to Mines 1881 | -10/Materials | Entered Mines 2092 | -10/Mines | Learned Materials terminal intel 2282 | -10/Mines | Reached level 3 2537 | -10/Mines | Assembled infested the area 2542 | -10/Mines | Assisted by a Guerilla fighting off Assembled 2547 | -10/Mines | Entered Materials 2548 | -9/Materials | Loaded intel: 12 terminal locations 2549 | -9/Materials | Reached level 4 2842 | -9/Materials | Discovered new exit (range 16) 3090 | -9/Materials | Reached level 5 3115 | -9/Materials | Upgraded with Propulsion slot (x1) 3319 | -9/Materials | Discovered new exit (range 7) 3327 | -9/Materials | Identified exit to Materials 3545 | -9/Materials | Build established: Scavenger-Mutant 3574 | -9/Materials | Discovered new exit (range 7) 3582 | -9/Materials | Identified exit to Mines 3850 | -9/Materials | Build established: Hacker-Mutant 3863 | -9/Materials | Discovered exit to Materials (range 16) 4153 | -9/Materials | Core integrity fell below 50% 4158 | -9/Materials | Reached level 6 4163 | -9/Materials | Core integrity fell below 20% 4172 | -9/Materials | Destroyed by S-10 Pest with Light Assault Rifle Last Messages --------------- 04081_ Slammed into U-05 Engineer. 04088_ O-16 Technician sends out distress signal. 04088_ O-16 Technician: "IFF HANDSHAKE FAILED. SECURING TERMINAL." 04091_ ALERT: Hostiles spotted, dispatching reinforcements to Terminal M008. 04100_ S-10 Pest destroyed. 04100_ Switching to secondary target: L-31 Rogue. 04109_ G-34 Mercenary destroyed. 04116_ Acquired 36 matter. 04118_ K-01 Serf collects debris. 04137_ G-34 Mercenary destroyed. 04152_ Imp. Treads severed. 04158_ Reached level 6. 04158_ L-31 Rogue destroyed. 04160_ W-16 Scout sends out distress signal. 04161_ Acquired Imp. Treads. 04162_ R-06 Scavenger collects Aluminum Leg. 04165_ R-06 Scavenger collects Ion Engine. 04169_ R-06 Scavenger collects Aluminum Leg. 04170_ S-10 Pest destroyed. Map ----- +----------------------------------------------------+ | # #?####### # + | | ## #### # #???????# # # | | ?# #??####### #???????# + [ # | | ?# #######??# #??###### ######## ##### # | | ?# ## #??# #??# ]]## #??????# ""#?# # | | ?# ## #??# #??# ]]## #??????# T"#?######## | | ?# ## #??# #??# !!## #??????# ""#????????# | | ## ## #??# #??# !## #??????# ###???????## | | # # #### ####!!!## #??????# #?????????# / | | % # + !!## ???????# #?????????# | | # % # # ###########? ???????# #?????????# | | # # # #???# ???? ???????# #?????????# | | # # # #???# ???? ???????# #?????????# | | ###+######## #?### ??? ???????# ############ | | #???# ?? ??? ???????? ?# # | | T +??? ??? ??? ???????? ?+ + | | """ #???###???# ???????????#?# ! # | | """ #?????????#g g ?#####???????# # | | """ #?????????# ?#"""#???????# # | | """ #?????????# ##"T"######### """ """ # | | """ #?????????# + """ """ # | | #?????????# s ##### """ """ # | | #????###### [ w#???########### | | ########????+ g% #?????######### | | ??????????????????#= = r#?????#! # | | ??????????????????#[= @! *####### [! + | | ??????????????????#%[ =%[[%=% r%+ [! [ # | | ????????????????#""[######"T"################## | | ????????????????#"T??????#####?########?????####/# | | ????????????????#""????????????# #?????# | | ???????????????????????????????# """ ###???# | | ???????????????????????????????# """ + #???# | | ???????????????????????????????# """ # #???# | | ???????????????????????????????# # ##### | | ???????????????????????????????# #= % + | | ???????????????????????????????########%##### | | ???????????????????????????????# [ #!#???# | | ???????????????????????????????# # #???# | | ???????????????????????????????# """ # #?######## | | ???????????????????????????????# """ # #?# | | ???????????????????????????????# """ + #?# | | ???????????????????????????????# # #?# | | ???????????????????????????????######## ### !! | | ?????????????????????????????????????# ######+## | | ?????????????????????????????????????# [ #? | | ?????????????????????????????????????# ###### #? | | ?????????????????????????????????????#####????# #? | | ??????????????????????????????????????????????# #? | | ??????????????????????????????????????????????# #? | | ??????????????????????????????????????????????# ## | +----------------------------------------------------+ Best States ------------- Heat Dissipation 31 Energy Generation 14 Energy Capacity 250 Matter Stores 300 Matter Capacity 300 Sight Range 16 Robot Scan Range 26 Terrain Scan Density 10 Evasion (%) 40 Recoil Reduction 3 Offensive Hacking 20 Item Schematics ----------------- VTOL Module | -9/Materials | Scanalyzed Imp. Assault Rifle | -9/Materials | Scanalyzed Robot Schematics ------------------ None Fabricated ------------ Nothing Alien Tech Used ----------------- None Achievements -------------- None Challenges ------------ None RPGLIKE | -11 -10 -10 -9 --------- Run | Yrd Mat Min Mat Levels Raised 5 | . 1 1 3 XP Earned 10735 | 3000 1615 1830 4290 XP Spent 9000 | 2975 1500 1500 3025 Upgrades 23 | 10 3 3 7 Propulsion Slot 2 | 1 . . 1 Utility Slot 2 | 2 . . . Weapon Slot 1 | 1 . . . Heat Dissipation 1 | . . . 1 Inventory Capacity 3 | . . 3 . Sensor Range 9 | 6 . . 3 Ranged Accuracy 5 | . 3 . 2 Protomatter Created 609 | . 212 116 281 Integrity Restored 1484 | . 590 285 609 Core 1271 | . 424 261 586 Parts 213 | . 166 24 23 Protomatter Decayed 58 | . 45 13 . Game ------ Seed SkeletonNetworkLegs Manual? 0 Play Time 00:26:19 Cumulative 28.2 hours Start 2025.03.22 @ 09:51:28 End 2025.03.22 @ 10:18:16 Sessions 1 Manual Loads 0 Difficulty Rogue Special Mode Winter2019/RPGLIKE Game No. 46 Rogue 46 Adventurer 0 Explorer 0 Win Type - Total 0 Types 0/0/0/0/0/0/0/0/0 Lore% 13 Gallery% 24 Achievement% 23 Wizard Run 0 Options --------- Layout 0 ASCII 0 Keyboard 0 Movement Mouse Keybinds 0 Fullscreen 1 Font 24/Smallcaps Map View 76x56 Zoom Use 0% Tactical HUD 1 Map Filters NONE Filters NONE Steam 1 RUN: dbe74584-f207-4403-a25f-456c13afa9bb